 Dungeon Sprint DCSS version 0.29.1-12-g30fa7ad0bf (webtiles) character file.

Game seed: 16827166019661061421

107 Groucho the Magician (level 5, 0/40 HPs)
             Began as a Djinni Fire Elementalist on Dec 30, 2022.
             Slain by a water elemental (18 damage)
             ... in the Dungeon (Sprint III: "The Ten Rune Challenge").
             The game lasted 00:04:50 (1083 turns).

Groucho the Magician (Djinni Fire Elementalist)     Turns: 1083, Time: 00:04:50

Health: 0/40       AC:  2    Str:  7    XL:     5   Next: 11%
Gold:   26         EV: 13    Int: 19    God:
                   SH:  0    Dex: 11

rFire   + + .      SeeInvis .   (no weapon)
rCold   x . .      Faith    .   (no shield)
rNeg    . . .      Spirit   .   a - +0 robe
rPois   ∞          Reflect  .   (no helmet)
rElec   .          Harm     .   (no cloak)
rCorr   .          Rampage  .   (no gloves)
Will    +....      NoTele   +   (boots unavailable)
Stlth   ++........              (no amulet)
HPRegen 0.13/turn               (no ring)
MPRegen 0.00/turn               (no ring)

@: engulfed, flying
A: sickness immunity, fire resistance 2, cold vulnerability 1, float, innate
caster, HP casting, extra vitality 1, fangs 1, clumsy 1, strong-willed 1
a: no special abilities


You were in the Dungeon.
You visited 1 branch You collected 26 gold pieces.

Inventory:

Armour
 a - a +0 robe (worn)
Scrolls
 c - a scroll of torment {unknown}
 f - a scroll of blinking
 g - 2 scrolls of identify {unknown}
 h - a scroll of poison {unknown}
 i - a scroll of enchant weapon {unknown}
Potions
 b - 2 potions of curing
 d - a potion of haste
 e - a potion of berserk rage


   Skills:
 + Level 3.1 Fighting
 + Level 5.7 Dodging
 - Level 1.5 Stealth
 * Level 5.8 Spellcasting


You couldn't memorise any spells.
You knew the following spells:

 Your Spells              Type           Power      Damage    Failure   Level
a - Foxfire               Conj/Fire      100%       2x1d9     1%          1
b - Scorch                Fire           54%        2d7       1%          2
c - Conjure Flame         Conj/Fire      27%        6-21      3%          3
d - Inner Flame           Hex/Fire       27%        N/A       3%          3
e - Flame Wave            Conj/Fire      27%        2d9       11%         4
f - Summon Small Mammal   Summ           100%       N/A       1%          1
g - Searing Ray           Conj           54%        2d6       1%          2
Your spell library was empty.

Dungeon Overview and Level Annotations

Branches:
Dungeon (1/1)

Altars:


Innate Abilities, Weirdness & Mutations

You are immune to sickness and miasma.
You are immune to poison.
Your flesh is very heat resistant. (rF++)
You are vulnerable to cold. (rC-)
You float through the air rather than walking.
You learn spells naturally, not from books.
Your magical power is your life essence.
You have superior vitality. (+4 MHP)
You have very sharp teeth.
You are clumsy. (Dex -2)
You are strong-willed. (Will+)


Message History

Unknown command.
Casting: Scorch (safe; 1% risk of failure)
Confirm with . or Enter, or press ? or * to list all spells.
You conjure some foxfire!
The water elemental hits you!
The water elemental engulfs you in water!
Unknown command.
Unknown command.
Casting: Foxfire (safe; 1% risk of failure)
Confirm with . or Enter, or press ? or * to list all spells.
The spell is quite dangerous to miscast (11% risk of failure)!
Continue anyway?
Okay, then.
Unknown command.
Unknown command.
Unknown command.
Unknown command.
Unknown command.
The water elemental is no longer more vulnerable to fire.
The foxfire hits the water elemental!
The water elemental is burned terribly!
The water elemental is moderately damaged.
The foxfire hits the water elemental but does no damage.
The water elemental is moderately damaged.
The water elemental hits you!
Unknown command.
Unknown command.
What are your orders? t - Shout!
Orders for allies: a - Attack new target. r - Retreat! s - Stop attacking. g - Guard the area. f - Follow me.
Anything else - Cancel.
Okay, then.
Casting: Flame Wave (quite dangerous; 11% risk of failure)
Confirm with . or Enter, or press ? or * to list all spells.
You conjure some foxfire!
The water elemental barely misses you.
The foxfire hits the water elemental!
The water elemental is burned terribly!
The water elemental is heavily damaged.
The foxfire hits the water elemental.
The water elemental is burned terribly!
The water elemental is severely damaged.
The water elemental hits you!!
You die...

▓▓▓▓▓▓▓▓▓▓▓▓ ▓▓▓
<.#..'...♣.♣♣ ♣.#
).#!.#....♣.♣ ♣.#
#'####......♣ ♣♣.#
.....#....~♣♣♣♣..###+#+##
.....#...~~.♣.♣♣.#.......
.....#..~~~~.♣.§@E.⌠.....
####÷#..~≈≈~~~.♣.#...####
.....#.~~≈~~~....#.⌠.#
..÷..#.~≈~~~.....#...#
.....#.~~~.......#+###
'#####...........#
.................#
▓▓▓▓▓▓▓▓▓▓▓▓▓▓▓▓▓▓


You could see a water elemental.

Vanquished Creatures
  A scorpion (D)
  Jessica (D)
  A human (D)
  An endoplasm (D)
  2 rats (D)
6 creatures vanquished.

Vanquished Creatures (others)
  43 foxfires (D)
43 creatures vanquished.

Grand Total: 49 creatures vanquished

Notes
Turn   | Place    | Note
-------+----------+-------------------------------------------
     0 | D        | Groucho the Djinni Fire Elementalist began the quest for
                  | the Orb.
     0 | D        | Groucho set off with the following spells memorised:
                  | Foxfire, Scorch, Conjure Flame, Inner Flame, Flame Wave.
     0 | D        | Reached XP level 1. HP: 15/15 MP: 0/0
    48 | D        | Noticed Jessica
    57 | D        | Killed Jessica
    58 | D        | Reached XP level 2. HP: 16/21 MP: 0/0
    58 | D        | Reached XP level 3. HP: 19/25 MP: 0/0
    58 | D        | Learned a level 1 spell: Summon Small Mammal
   172 | D        | Reached skill level 1 in Fighting
   443 | D        | Noticed a scorpion
   457 | D        | Killed a scorpion
   458 | D        | Reached skill level 5 in Dodging
   458 | D        | Reached skill level 5 in Spellcasting
   458 | D        | Reached XP level 4. HP: 6/35 MP: 0/0
   458 | D        | Reached XP level 5. HP: 6/40 MP: 0/0
   458 | D        | Learned a level 2 spell: Searing Ray
   895 | D        | Gained mutation: You are clumsy. (Dex -2) [potion of
                  | mutation]
   895 | D        | Gained mutation: You occasionally shout uncontrollably at
                  | your foes. [potion of mutation]
   895 | D        | Gained mutation: You frequently scream uncontrollably at
                  | your foes. [potion of mutation]
   896 | D        | Lost mutation: You are clumsy. (Dex -2) [potion of
                  | mutation]
   896 | D        | Lost mutation: You frequently scream uncontrollably at your
                  | foes. [potion of mutation]
   896 | D        | Gained mutation: You are robust. (+10% HP) [potion of
                  | mutation]
   897 | D        | Lost mutation: You occasionally shout uncontrollably at
                  | your foes. [potion of mutation]
   897 | D        | Lost mutation: You are robust. (+10% HP) [potion of
                  | mutation]
   897 | D        | Gained mutation: You occasionally shout uncontrollably at
                  | your foes. [potion of mutation]
   897 | D        | Gained mutation: You expend health (3 HP) to strengthen
                  | your wands. [potion of mutation]
   898 | D        | Lost mutation: You expend health (3 HP) to strengthen your
                  | wands. [potion of mutation]
   898 | D        | Lost mutation: You occasionally shout uncontrollably at
                  | your foes. [potion of mutation]
   898 | D        | Gained mutation: You are frail. (-10% HP) [potion of
                  | mutation]
   898 | D        | Gained mutation: You are clumsy. (Dex -2) [potion of
                  | mutation]
   898 | D        | Gained mutation: You expend health (3 HP) to strengthen
                  | your wands. [potion of mutation]
   899 | D        | Lost mutation: You are frail. (-10% HP) [potion of
                  | mutation]
   899 | D        | Lost mutation: You are clumsy. (Dex -2) [potion of
                  | mutation]
   899 | D        | Lost mutation: You expend health (3 HP) to strengthen your
                  | wands. [potion of mutation]
   899 | D        | Gained mutation: You are strong-willed. (Will+) [potion of
                  | mutation]
   899 | D        | Gained mutation: You are clumsy. (Dex -2) [potion of
                  | mutation]
   899 | D        | Gained mutation: You have very sharp teeth. [potion of
                  | mutation]
  1076 | D        | Noticed a water elemental
  1083 | D        | Slain by a water elemental

Illustrated notes

Levels and vault maps discovered:
D:        dungeon_sprint_mu [sprint_mu_entry_forest, sprint_mu_temple_rooms,
          sprint_mu_d1_horrors, sprint_mu_d2_genie, sprint_mu_d3_branching,
          sprint_mu_orc_legion, sprint_mu_elf_gauntlet, sprint_mu_hive_nellie,
          sprint_mu_lair_fedhas, sprint_mu_vaults_butterflies,
          sprint_mu_slime_circle, sprint_mu_shoals_kraken,
          sprint_mu_snake_twists, sprint_mu_blade_basic,
          sprint_mu_crypt_fortress, sprint_mu_tomb_spiral,
          sprint_mu_vestibule_basic, sprint_mu_gehenna_hellfire,
          sprint_mu_dis_giant, sprint_mu_tartarus_statrot,
          sprint_mu_cocytus_islands, sprint_mu_zot1]

Skill      XL: |  1  2  3 |
---------------+----------+-----
Spellcasting   | 4 5 |  5.8
Dodging        | 4 5 |  5.7
Fighting       | 3 |  3.1
Stealth        | |  1.5

Action                   |  1- 3 |  4- 6 || total
-------------------------+-------+-------++-------
 Cast: Foxfire           |    21 |     3 ||    24
       Scorch            |     1 |     2 ||     3
       Conjure Flame     |       |     2 ||     2
  Use: Potion            |     1 |     5 ||     6
Armor: Robe              |     3 |       ||     3
Dodge: Dodged            |    15 |     2 ||    17
